 Dungeon Crawl Stone Soup version 0.27-a0-242-ge0fc76b88b (webtiles) character file.

Game seed: 4857479565823309458

136 Borgoz the Slasher (level 5, -1/45 HPs)
             Began as a Ghoul Gladiator on Feb 3, 2021.
             Slain by a gnoll
             ... wielding a +0 spear
              (2 damage)
             ... on level 2 of the Dungeon.
             The game lasted 00:01:52 (1395 turns).

Borgoz the Slasher (Ghoul Gladiator)                Turns: 1395, Time: 00:01:52

Health: -1/45      AC:  7    Str: 16 (18) XL:     5   Next: 19%
Magic:  4/4        EV: 11    Int:  2 (3)  God:
Gold:   98         SH:  0    Dex: 10 (11) Spells: 4/4 levels left

rFire    . . .     SeeInvis .   a - +0 long sword
rCold    + . .     Faith    .   (no shield)
rNeg     + + +     Spirit   .   g - +0 ring mail
rPois    ∞         Reflect  .   c - +0 helmet
rElec    .         Harm     .   (no cloak)
rCorr    .         Rampage  .   e - +0 pair of gloves
Will     .....                  (no boots)
Stlth    +.........             (no amulet)
HPRegen  0.00/turn              h - ring of stealth
MPRegen  0.09/turn              (no ring)

@: no status effects
A: claws 1, cold resistance 1, negative energy resistance 3, inhibited
regeneration, torment resistance, unbreathing
a: no special abilities


You were on level 2 of the Dungeon.
You visited 1 branch of the dungeon, and saw 2 of its levels.

You collected 98 gold pieces.

Inventory:

Hand Weapons
 a - a +0 long sword (weapon)
 f - a +3 dagger
Missiles
 d - 3 throwing nets (quivered)
Armour
 c - a +0 helmet (worn)
 e - a +0 pair of gloves (worn)
 g - a +0 ring mail (worn)
Jewellery
 h - a ring of stealth (left hand)
Scrolls
 b - 2 scrolls of fog {unknown}
 i - 3 scrolls of remove curse {unknown}
 j - 2 scrolls of amnesia {unknown}
 m - 2 scrolls of identify {unknown}
 n - 2 scrolls of noise {unknown}
Potions
 k - a potion of haste {unknown}
 l - a potion of mutation


   Skills:
 + Level 3.2 Fighting
 * Level 3.8 Long Blades
 - Level 1.7 Throwing
 + Level 1.6 Armour
 + Level 3.3 Dodging


You had 4 spell levels left.
You didn't know any spells.
Your spell library was empty.

Dungeon Overview and Level Annotations

Branches:
Dungeon (2/15)

Altars:
Kikubaaqudgha


Innate Abilities, Weirdness & Mutations

You thrive by killing the living.
You are immune to poison.
You have sharp fingernails.
Your flesh is cold resistant. (rC+)
You are immune to negative energy. (rN+++)
You do not regenerate when monsters are visible.
You are immune to unholy pain and torment.
You can survive without breathing.


Message History

You hit the goblin.
You kill the goblin!
The gnoll hits you from afar with a +0 spear.
* * * LOW HITPOINT WARNING * * *
The gnoll misses you. The gnoll hits you with a +0 spear.
* * * LOW HITPOINT WARNING * * *
Items here: ( ) [ †.
It was a potion of mutation.
You feel extremely strange.
Your body decomposes!
You feel dopey.
Your body decomposes!
You feel weakened.
Your body decomposes!
You feel clumsy.
Your body decomposes!
You feel weakened. The gnoll hits you with a +0 flail.
* * * LOW HITPOINT WARNING * * *
The gnoll hits you with a +0 spear.
You die...

.... ...# . ...##.#
...... ....# ##### l..
#######...#######g##.###
......'...'....)@g......
#######...#######..$.#+#
#...# ###.<..
#######...###### ...
...............# .
##############.# #.##
#..# #####.######


You could see 2 gnolls and a frilled lizard.

Vanquished Creatures
  3 gnolls
  5 adders (D:2)
  An ooze (D:1)
  A worm (D:2)
  A dart slug (D:1)
  3 leopard geckos
  2 giant cockroaches (D:1)
  10 goblins
  4 hobgoblins
  A ball python (D:1)
  3 bats
  4 frilled lizards
  7 kobolds
  10 rats
55 creatures vanquished.

Notes
Turn   | Place    | Note
-------+----------+-------------------------------------------
     0 | D:1      | Borgoz the Ghoul Gladiator began the quest for the Orb.
     0 | D:1      | Reached XP level 1. HP: 17/17 MP: 0/0
    61 | D:1      | Reached XP level 2. HP: 25/25 MP: 1/1
   301 | D:1      | Reached XP level 3. HP: 22/30 MP: 2/2
   742 | D:1      | Reached skill level 1 in Armour
  1003 | D:2      | Found an ancient bone altar of Kikubaaqudgha.
  1067 | D:2      | Reached XP level 4. HP: 13/37 MP: 3/3
  1367 | D:2      | Reached XP level 5. HP: 31/45 MP: 4/4
  1395 | D:2      | HP: 1/45 [gnoll/+0 flail (6)]
  1395 | D:2      | Slain by a gnoll

Illustrated notes

Levels and vault maps discovered:
D:1:      dpeg_arrival_tiny_a, layout_rooms
D:2:      layout_basic, lemuel_crystal_altar

Skill      XL: |  1  2  3  4 |
---------------+-------------+-----
Long Blades    | 3 |  3.8
Dodging        | 3 |  3.3
Armour         | 1 |  1.6
Fighting       | 3 |  3.2
Throwing       | |  1.7

Action                   |  1- 3 |  4- 6 || total
-------------------------+-------+-------++-------
Melee: Long sword        |   111 |    75 ||   186
Throw: Throwing net      |     3 |       ||     3
  Use: Potion            |       |     1 ||     1
 Stab: Sleeping          |       |     1 ||     1
Armor: Leather armour    |    13 |       ||    13
       Ring mail         |    33 |    33 ||    66
Dodge: Dodged            |    81 |    61 ||   142
       Rpst.: Long sword |    25 |    17 ||    42

Table legend: (Time is in decaauts)
 A = Elapsed time spent in this place.
 B = Non-inter-level travel time spent in this place.
 C = Inter-level travel time spent in this place.
 D = Time resting spent in this place.
 E = Time spent auto-exploring this place.
 F = Levels seen in this place.
 G = Mean time per level.
                   A        B        C        D        E       F      G
               +--------+--------+--------+--------+--------+-----+--------+
         Total |   1438 |   1420 |     18 |    407 |    588 |   2 |  719.0 |
       Dungeon |   1438 |   1420 |     18 |    407 |    588 |   2 |  719.0 |
               +--------+--------+--------+--------+--------+-----+--------+

Top non-repeatable levels by time:
     D:1: 1022 daAuts
     D:2: 416 daAuts
